TOP OF THE 1ST |
St Charles Sheens batting - Pitching for Seattle Pikes : LHP Marcos Benítez
|
Pitching: LHP Marcos Benítez
|
|
Batting: RHB Miguel Palácios
|
0-0: Called Strike 0-1: Ground out U3 (Groundball, 34S)
|
Batting: RHB Júlio Figueroa
|
0-0: DOUBLE (Line Drive, 78D)
|
Batting: LHB Stan Bates
|
0-0: Ball 1-0: Called Strike 1-1: Called Strike 1-2: Strikes out swinging
|
Batting: RHB Max Rash
|
0-0: Called Strike 0-1: Ball 1-1: Ball 2-1: Called Strike 2-2: Fly out, F6 (Popup, 6MD)
|
Top of the 1st over - 0 run(s), 1 hit(s), 0 error(s), 1 left on base; St Charles 0 - Seattle 0 |
BOTTOM OF THE 1ST |
Seattle Pikes batting - Pitching for St Charles Sheens : LHP Ben Moody
|
Pitching: LHP Ben Moody
|
|
Batting: LHB Roberto Lozano
|
0-0: Fly out, F6 (Popup, 6)
|
Batting: RHB Bill Mark
|
0-0: Called Strike 0-1: Called Strike 0-2: Ball 1-2: Ball 2-2: Ball 3-2: SINGLE (Line Drive, 56)
|
Batting: LHB Richard Hunter
|
0-0: Ball 1-0: Called Strike 1-1: Called Strike 1-2: Grounds into double play, 6-4-3 (Groundball, 6M)
|
Bottom of the 1st over - 0 run(s), 1 hit(s), 0 error(s), 0 left on base; St Charles 0 - Seattle 0 |
TOP OF THE 2ND |
St Charles Sheens batting - Pitching for Seattle Pikes : LHP Marcos Benítez
|
Batting: RHB Ben Dougherty
|
0-0: Called Strike 0-1: Ground out 5-3 (Groundball, 5L)
|
Batting: RHB Jesús Hernández
|
0-0: Ball 1-0: Foul Ball, location: 2F 1-1: DOUBLE (Line Drive, 7LM)
|
Batting: LHB Marcos Cantú
|
0-0: Ground out 5-3 (Groundball, 56)
|
Batting: RHB Dan Tyler
|
0-0: Foul Ball, location: 2F 0-1: Swinging Strike 0-2: Ball 1-2: Foul Ball, location: 2F 1-2: Strikes out swinging
|
Top of the 2nd over - 0 run(s), 1 hit(s), 0 error(s), 1 left on base; St Charles 0 - Seattle 0 |
BOTTOM OF THE 2ND |
Seattle Pikes batting - Pitching for St Charles Sheens : LHP Ben Moody
|
Batting: RHB Manuel Rico
|
0-0: Ball 1-0: Called Strike 1-1: Called Strike 1-2: Ball 2-2: Foul Ball, location: 2F 2-2: Strikes out looking
|
Batting: RHB Wallace Greene
|
0-0: Ball 1-0: Ground out 6-3 (Groundball, 6)
|
Batting: RHB Iván Gonzáles
|
0-0: Ball 1-0: SINGLE (Groundball, 4MD)
|
Batting: SHB António Hernández
|
0-0: Ball 1-0: Called Strike 1-1: Called Strike 1-2: Fielders Choice at 2nd, 6-4 (Groundball, 6)
|
Bottom of the 2nd over - 0 run(s), 1 hit(s), 0 error(s), 0 left on base; St Charles 0 - Seattle 0 |
TOP OF THE 3RD |
St Charles Sheens batting - Pitching for Seattle Pikes : LHP Marcos Benítez
|
Batting: LHB Kyle Harrison
|
0-0: Ground out 4-3 (Groundball, 4)
|
Batting: RHB Miguel Palácios
|
0-0: Called Strike 0-1: Called Strike 0-2: SINGLE (Groundball, 56D)
|
Batting: RHB Júlio Figueroa
|
0-0: Ball Miguel Palácios steals 2nd base 1-0: Called Strike 1-1: SINGLE (Groundball, 56D) Miguel Palácios to third
|
Batting: LHB Stan Bates
|
0-0: Ball 1-0: Ball 2-0: Ball 3-0: Fly out, F8 (Flyball, 8RXD) Runner from 3rd tags up, SCORES, no throw
|
Batting: RHB Max Rash
|
0-0: Swinging Strike 0-1: Swinging Strike 0-2: Strikes out swinging
|
Top of the 3rd over - 1 run(s), 2 hit(s), 0 error(s), 1 left on base; St Charles 1 - Seattle 0 |
BOTTOM OF THE 3RD |
Seattle Pikes batting - Pitching for St Charles Sheens : LHP Ben Moody
|
Batting: RHB Arnold Harmon
|
0-0: Ground out 5-3 (Groundball, 5S)
|
Batting: RHB Roberto Zamora
|
0-0: Called Strike 0-1: Foul Ball, location: 2F 0-2: Strikes out looking
|
Batting: LHB Roberto Lozano
|
0-0: Ball 1-0: Fly out, F8 (Flyball, 8LM)
|
Bottom of the 3rd over - 0 run(s), 0 hit(s), 0 error(s), 0 left on base; St Charles 1 - Seattle 0 |
TOP OF THE 4TH |
St Charles Sheens batting - Pitching for Seattle Pikes : LHP Marcos Benítez
|
Batting: RHB Ben Dougherty
|
0-0: Fly out, F8 (Flyball, 8RD)
|
Batting: RHB Jesús Hernández
|
0-0: Called Strike 0-1: SINGLE (Line Drive, 56D)
|
Batting: LHB Marcos Cantú
|
0-0: Called Strike 0-1: Ball 1-1: Ball 2-1: Called Strike 2-2: Ball 3-2: Fly out, F7 (Flyball, 7S)
|
Batting: RHB Dan Tyler
|
0-0: Ball 1-0: Ground out 5-3 (Groundball, 56S)
|
Top of the 4th over - 0 run(s), 1 hit(s), 0 error(s), 1 left on base; St Charles 1 - Seattle 0 |
BOTTOM OF THE 4TH |
Seattle Pikes batting - Pitching for St Charles Sheens : LHP Ben Moody
|
Batting: RHB Bill Mark
|
0-0: Called Strike 0-1: Foul Ball, location: 2F 0-2: Foul Ball, location: 2F 0-2: Foul Ball, location: 2F 0-2: Foul Ball, location: 2F 0-2: Ball 1-2: Strikes out swinging
|
Batting: LHB Richard Hunter
|
0-0: Swinging Strike 0-1: Ball 1-1: Swinging Strike 1-2: Ball 2-2: Ball 3-2: Foul Ball, location: 2F 3-2: Foul Ball, location: 2F 3-2: Ground out 1-3 (Groundball, 13)
|
Batting: RHB Manuel Rico
|
0-0: Ball 1-0: Swinging Strike 1-1: Ground out 4-3 (Groundball, 4)
|
Bottom of the 4th over - 0 run(s), 0 hit(s), 0 error(s), 0 left on base; St Charles 1 - Seattle 0 |
TOP OF THE 5TH |
St Charles Sheens batting - Pitching for Seattle Pikes : LHP Marcos Benítez
|
Batting: LHB Kyle Harrison
|
0-0: Ball 1-0: Ball 2-0: Foul Ball, location: 2F 2-1: SINGLE (Groundball, 13) (infield hit)
|
Batting: RHB Miguel Palácios
|
Pickoff Throw to First - Out! 0-0: Called Strike 0-1: Ball 1-1: Ball 2-1: Swinging Strike 2-2: DOUBLE (Line Drive, 7LM)
|
Batting: RHB Júlio Figueroa
|
0-0: Ball Miguel Palácios is caught stealing 3rd base 1-0: Swinging Strike 1-1: Ball 2-1: Ball 3-1: Fly out, F7 (Flyball, 78S)
|
Top of the 5th over - 0 run(s), 2 hit(s), 0 error(s), 0 left on base; St Charles 1 - Seattle 0 |
BOTTOM OF THE 5TH |
Seattle Pikes batting - Pitching for St Charles Sheens : LHP Ben Moody
|
Batting: RHB Wallace Greene
|
0-0: DOUBLE (Flyball, 8LD)
|
Batting: RHB Iván Gonzáles
|
0-0: Swinging Strike 0-1: Ball 1-1: Foul Ball, location: 2F 1-2: Ball 2-2: Strikes out swinging
|
Batting: SHB António Hernández
|
0-0: Ball Wild Pitch! Wallace Greene to third 1-0: Ball 2-0: Ball 3-0: Called Strike 3-1: Called Strike 3-2: Foul Ball, location: 2F 3-2: Base on Balls
|
Batting: RHB Arnold Harmon
|
0-0: Called Strike 0-1: 3-RUN HOME RUN (Line Drive, 7LD), Distance : 382 ft
|
Batting: RHB Roberto Zamora
|
0-0: Ball 1-0: Fly out, F8 (Flyball, 8RM)
|
Batting: LHB Roberto Lozano
|
0-0: Ball 1-0: Called Strike 1-1: SINGLE (Groundball, 4MD)
|
Batting: RHB Bill Mark
|
0-0: Called Strike Roberto Lozano steals 2nd base 0-1: Fly out, F8 (Flyball, 78M)
|
Bottom of the 5th over - 3 run(s), 3 hit(s), 0 error(s), 1 left on base; St Charles 1 - Seattle 3 |
TOP OF THE 6TH |
St Charles Sheens batting - Pitching for Seattle Pikes : LHP Marcos Benítez
|
Batting: LHB Stan Bates
|
0-0: Ball 1-0: Ball 2-0: SINGLE (Groundball, 56D)
|
Batting: RHB Max Rash
|
0-0: Grounds into double play, 6-4-3 (Groundball, 6)
|
Batting: RHB Ben Dougherty
|
0-0: Fly out, F8 (Flyball, 8LM)
|
Top of the 6th over - 0 run(s), 1 hit(s), 0 error(s), 0 left on base; St Charles 1 - Seattle 3 |
BOTTOM OF THE 6TH |
Seattle Pikes batting - Pitching for St Charles Sheens : LHP Ben Moody
|
Batting: LHB Richard Hunter
|
0-0: SINGLE (Line Drive, 9S)
|
Batting: RHB Manuel Rico
|
0-0: Called Strike 0-1: Ball 1-1: Fielders Choice at 2nd, 6-4 (Groundball, 6)
|
Batting: RHB Wallace Greene
|
0-0: Called Strike 0-1: Ball 1-1: Ground out 4-3 (Groundball, 4S) Manuel Rico to second
|
Batting: RHB Iván Gonzáles
|
0-0: Called Strike 0-1: Foul Ball, location: 2F 0-2: Ball 1-2: Foul Ball, location: 2F 1-2: Ball 2-2: Ground out 4-3 (Groundball, 4)
|
Bottom of the 6th over - 0 run(s), 1 hit(s), 0 error(s), 1 left on base; St Charles 1 - Seattle 3 |
TOP OF THE 7TH |
St Charles Sheens batting - Pitching for Seattle Pikes : LHP Marcos Benítez
|
Batting: RHB Jesús Hernández
|
0-0: Ball 1-0: SINGLE (Line Drive, 6MD)
|
Batting: LHB Marcos Cantú
|
0-0: Called Strike Jesús Hernández steals 2nd base 0-1: Ball 1-1: Called Strike 1-2: Strikes out swinging
|
Batting: RHB Dan Tyler
|
0-0: Called Strike 0-1: Called Strike 0-2: Ground out 5-3 (Groundball, 56)
|
Batting: LHB Kyle Harrison
|
0-0: Called Strike 0-1: Fly out, F9 (Flyball, 9LD)
|
Top of the 7th over - 0 run(s), 1 hit(s), 0 error(s), 1 left on base; St Charles 1 - Seattle 3 |
BOTTOM OF THE 7TH |
Seattle Pikes batting - Pitching for St Charles Sheens : LHP Ben Moody
|
Batting: SHB António Hernández
|
0-0: Called Strike 0-1: Ball 1-1: Called Strike 1-2: Ball 2-2: Ball 3-2: Fly out, F8 (Flyball, 89S)
|
Batting: RHB Arnold Harmon
|
0-0: Ball 1-0: Called Strike 1-1: Ball 2-1: Ground out 5-3 (Groundball, 5)
|
Batting: RHB Roberto Zamora
|
0-0: Ground out 5-3 (Groundball, 5)
|
Bottom of the 7th over - 0 run(s), 0 hit(s), 0 error(s), 0 left on base; St Charles 1 - Seattle 3 |
TOP OF THE 8TH |
St Charles Sheens batting - Pitching for Seattle Pikes : LHP Marcos Benítez
|
Batting: RHB Miguel Palácios
|
0-0: Called Strike 0-1: Foul Ball, location: 2F 0-2: Foul Ball, location: 2F 0-2: Ball 1-2: Ball 2-2: Ball 3-2: Foul Ball, location: 2F 3-2: Ground out 4-3 (Groundball, 4)
|
Batting: RHB Júlio Figueroa
|
0-0: Ball 1-0: SINGLE (Groundball, 56D)
|
Batting: LHB Stan Bates
|
0-0: Ground out 4-3 (Groundball, 34) Júlio Figueroa to second
|
Batting: RHB Max Rash
|
0-0: Fly out, F8 (Line Drive, 89D)
|
Top of the 8th over - 0 run(s), 1 hit(s), 0 error(s), 1 left on base; St Charles 1 - Seattle 3 |
BOTTOM OF THE 8TH |
Seattle Pikes batting - Pitching for St Charles Sheens : LHP Ben Moody
|
Batting: LHB Roberto Lozano
|
0-0: Foul Ball, location: 2F 0-1: Ground out 3-1 (Groundball, 34S)
|
Batting: RHB Bill Mark
|
0-0: Ground out 6-3 (Groundball, 6)
|
Batting: LHB Richard Hunter
|
0-0: Called Strike 0-1: Ball 1-1: Foul Ball, location: 2F 1-2: Ball 2-2: Ground out U3 (Groundball, 34)
|
Bottom of the 8th over - 0 run(s), 0 hit(s), 0 error(s), 0 left on base; St Charles 1 - Seattle 3 |
TOP OF THE 9TH |
St Charles Sheens batting - Pitching for Seattle Pikes : LHP Marcos Benítez
|
Pitching: LHP Cristián Escobar
|
|
Batting: RHB Ben Dougherty
|
0-0: Swinging Strike 0-1: Ball 1-1: Ball 2-1: Foul Ball, location: 2F 2-2: Strikes out looking
|
Batting: RHB Jesús Hernández
|
0-0: Ball 1-0: Ball 2-0: Ground out 6-3 (Groundball, 6S)
|
Batting: LHB Marcos Cantú
|
0-0: Ball 1-0: Fly out, F7 (Flyball, 7)
|
Top of the 9th over - 0 run(s), 0 hit(s), 0 error(s), 0 left on base; St Charles 1 - Seattle 3 |
|